[Event "Titled Tuesday Blitz April 26 Early 2022"]
[White "Bas Mas, Jose Joaquin"]
[Black "Vovk, Orest"]
[WhiteFideId "22219064"]
[BlackFideId "14113490"]
[WhiteElo "2212"]
[BlackElo "2203"]
[Result "0-1"]
[Round "10"]
[TimeControl "180+1"]
[Date "2022.04.26"]
[WhiteClock "0:00:09"]
[BlackClock "0:00:43"]

1. e4 d6 2. Nc3 Nd7 3. d4 e5 4. Bc4 Ngf6 5. Nf3 exd4 6. Qxd4 Be7 7. Bg5 O-O 8. O-O-O Nc5 9. Rhe1 h6 10. Bh4 Ng4 11. Bxe7 Qxe7 12. e5 Nxe5 13. Nxe5 dxe5 14. Rxe5 Ne6 15. Qe3 c6 16. f4 Qb4 17. Bb3 Qb6 18. Qxb6 axb6 19. f5 Nc5 20. f6 Ra5 21. Re7 gxf6 22. Rf1 Kg7 23. Re3 Nxb3+ 24. cxb3 Rg5 25. g3 f5 26. h4 Rg4 27. Ne2 Re4 28. Rff3 Rfe8 29. Rxe4 fxe4 30. Re3 Bg4 31. Nf4 f5 32. Kc2 Kf6 33. b4 Rd8 34. Re1 Rd6 35. Kc3 b5 36. a3 Ke5 37. Kc2 Bf3 38. Kc3 Rd8 39. Kc2 Rg8 40. Rg1 Kd4 41. Ne6+ Ke3 42. Nc5 Kf2 43. Rc1 Rxg3 44. Nxb7 e3 45. Nd6 Be4+ 46. Kc3 e2+ 47. Kd4 Rd3+ 48. Ke5 Rxd6 0-1


[Site "https://www.chess.com"]

[Event "Titled Tuesday Blitz April 26 Early 2022"]
[White "Bashirli, Saadat"]
[Black "Lopez, Henry"]
[WhiteFideId "13429990"]
[BlackFideId "5203830"]
[WhiteElo "1173"]
[BlackElo "2177"]
[Result "1/2-1/2"]
[Round "10"]
[TimeControl "180+1"]
[Date "2022.04.26"]
[WhiteClock "0:00:02"]
[BlackClock "0:00:02"]

1. d4 Nf6 2. Bg5 Ne4 3. Bf4 d5 4. f3 Nf6 5. Nd2 c5 6. e3 Nc6 7. c3 e6 8. Bb5 Bd6 9. Bxd6 Qxd6 10. Bxc6+ bxc6 11. Ne2 O-O 12. O-O cxd4 13. exd4 e5 14. dxe5 Qxe5 15. Kh1 Ba6 16. Re1 Qd6 17. Ng3 Rfe8 18. Qc2 g6 19. Nb3 c5 20. Qf2 Rac8 21. Rad1 Re6 22. Rxe6 fxe6 23. Qe3 Kf7 24. Re1 Qb6 25. Qf4 Bc4 26. Nd2 Bd3 27. b3 Re8 28. c4 Bf5 29. Nxf5 exf5 30. Rxe8 Kxe8 31. Qe5+ Kf7 32. cxd5 Qb4 33. Nf1 Qd4 34. Qe6+ Kg7 35. Qe7+ Kh6 36. Qe3+ f4 37. Qe6 Qf2 38. h3 Qxf1+ 39. Kh2 Nh5 40. Qg4 Qc1 41. d6 Ng3 42. Qh4+ Kg7 43. Qe7+ Kh6 44. Qh4+ Kg7 45. Qe7+ Kh6 46. Qh4+ 1/2-1/2


[Site "https://www.chess.com"]

[Event "Titled Tuesday Blitz April 26 Early 2022"]
[White "Begunov, Konstantin"]
[Black "Okike, David"]
[WhiteFideId "4118510"]
[BlackFideId "8500134"]
[WhiteElo "2262"]
[BlackElo "2232"]
[Result "1-0"]
[Round "10"]
[TimeControl "180+1"]
[Date "2022.04.26"]
[WhiteClock "0:00:23"]
[BlackClock "0:00:08"]

1. d4 Nf6 2. c4 e6 3. Nf3 Bb4+ 4. Nbd2 b6 5. a3 Be7 6. e4 d5 7. cxd5 exd5 8. e5 Nfd7 9. Bd3 c5 10. O-O c4 11. Bc2 b5 12. Qe2 Nb6 13. Re1 Be6 14. Nf1 Nc6 15. Ng3 g6 16. Bh6 a5 17. Qe3 Qd7 18. Ng5 O-O-O 19. Qf4 Bf8 20. Bxf8 Rdxf8 21. Rad1 Qe7 22. h4 h6 23. Nf3 Rfg8 24. Qd2 Kb7 25. b3 g5 26. h5 g4 27. Nh2 Qh4 28. Rb1 Ka6 29. bxc4 Nxc4 30. Qc3 Rb8 31. Nhf1 Qg5 32. Ne3 Qf4 33. Ne2 Qg5 34. Bd3 Rhc8 35. a4 b4 36. Qb3 Ne7 37. Rbc1 Ka7 38. Nxc4 dxc4 39. Bxc4 Rxc4 40. Rxc4 Rb7 41. Qd3 Bxc4 42. Qxc4 Qd2 43. Rc1 Nc8 44. Qxc8 Qxe2 45. Rc5 Qa6 46. d5 b3 47. Qd8 Qb6 48. Qxb6+ Rxb6 49. Rc1 b2 50. Rb1 Rb4 51. Kh2 Kb6 52. Kg3 Kc5 53. f4 Kxd5 54. Kxg4 Kd4 55. Kf5 Kc3 56. g3 Kc2 57. Rh1 b1=Q 58. Rxb1 Kxb1 59. Kf6 Rb7 60. f5 Kb2 61. g4 Kb3 62. e6 fxe6 63. fxe6 Kxa4 64. e7 Rxe7 65. Kxe7 Kb3 66. g5 a4 67. gxh6 a3 68. h7 a2 69. h8=Q Kc2 70. Qa1 1-0


[Site "https://www.chess.com"]

[Event "Titled Tuesday Blitz April 26 Early 2022"]
[White "Bortnyk, Olexandr"]
[Black "Nakamura, Hikaru"]
[WhiteFideId "14120828"]
[BlackFideId "2016192"]
[WhiteElo "2723"]
[BlackElo "2850"]
[Result "0-1"]
[Round "10"]
[TimeControl "180+1"]
[Date "2022.04.26"]
[WhiteClock "0:00:35"]
[BlackClock "0:01:05"]

1. d4 Nf6 2. Nc3 d5 3. Bf4 a6 4. e3 e6 5. Nf3 Bb4 6. Bd3 c5 7. O-O Bxc3 8. bxc3 c4 9. Be2 Ne4 10. Qe1 O-O 11. a4 Nc6 12. h3 f6 13. Bh2 Bd7 14. Ra3 Qe7 15. Qa1 Be8 16. Qb2 Bh5 17. Rb1 Rac8 18. Raa1 b5 19. axb5 axb5 20. Ra6 Qb7 21. Ra3 Ra8 22. g4 Rxa3 23. Qxa3 Ra8 24. Rxb5 Rxa3 25. Rxb7 Be8 26. g5 Nxc3 27. gxf6 Nxe2+ 28. Kf1 gxf6 29. Kxe2 Bh5 30. Rb6 Nxd4+ 31. exd4 Rxf3 32. Ke1 Rxh3 33. Bg3 c3 0-1


[Site "https://www.chess.com"]

[Event "Titled Tuesday Blitz April 26 Early 2022"]
[White "Buscar, Michael"]
[Black "Steil-Antoni, Fiona"]
[WhiteFideId "2603616"]
[BlackFideId "4001249"]
[WhiteElo "2010"]
[BlackElo "2059"]
[Result "1-0"]
[Round "10"]
[TimeControl "180+1"]
[Date "2022.04.26"]
[WhiteClock "0:01:08"]
[BlackClock "0:00:22"]

1. Nf3 d6 2. b3 e5 3. Bb2 Bg4 4. h3 Bxf3 5. exf3 f5 6. d4 Ne7 7. dxe5 Nbc6 8. exd6 cxd6 9. Bc4 d5 10. Bd3 Qd6 11. Nc3 O-O-O 12. O-O Rg8 13. Nb5 Qf4 14. Re1 g5 15. Qe2 Rg6 16. Qe3 Qxe3 17. Rxe3 a6 18. Nd4 Nxd4 19. Bxd4 Nc6 20. Bxf5+ Kc7 21. Bxg6 Nxd4 22. Bxh7 Bc5 23. Rc3 Kd6 24. Rxc5 Kxc5 25. Re1 b5 26. Re5 Kb4 27. Rxg5 Kc3 28. Rg7 Ne2+ 29. Kh2 Nc1 30. a4 bxa4 31. bxa4 a5 32. Rb7 Na2 33. Rb5 d4 34. Rxa5 Nb4 35. Rc5+ Kd2 36. a5 Rd6 37. Be4 Na2 38. h4 Nc3 39. Bd3 Ke1 40. Kg3 Ne2+ 41. Bxe2 Kxe2 42. h5 1-0


[Site "https://www.chess.com"]

[Event "Titled Tuesday Blitz April 26 Early 2022"]
[White "Butti, Enrique"]
[Black "Zia, Tahsin Tajwar"]
[WhiteFideId "3700470"]
[BlackFideId "10211888"]
[WhiteElo "2080"]
[BlackElo "1800"]
[Result "0-1"]
[Round "10"]
[TimeControl "180+1"]
[Date "2022.04.26"]
[WhiteClock "0:01:57"]
[BlackClock "0:01:01"]

1. d4 g6 2. c4 Bg7 3. Nc3 c5 4. d5 d6 5. e4 Nf6 6. Bd3 O-O 7. h3 Nbd7 8. Nge2 e6 9. f4 exd5 10. cxd5 Re8 11. O-O b5 12. Ng3 c4 13. Bc2 Nc5 14. a3 h5 15. Be3 h4 16. Bxc5 dxc5 17. Nge2 b4 18. Na4 Nxe4 0-1


[Site "https://www.chess.com"]

[Event "Titled Tuesday Blitz April 26 Early 2022"]
[White "Cagara, Paulina"]
[Black "Manukian, Artak"]
[WhiteFideId "1124870"]
[BlackFideId "13301373"]
[WhiteElo "1780"]
[BlackElo "2332"]
[Result "0-1"]
[Round "10"]
[TimeControl "180+1"]
[Date "2022.04.26"]
[WhiteClock "0:00:45"]
[BlackClock "0:00:31"]

1. e4 c6 2. d4 d5 3. Bd3 dxe4 4. Bxe4 Nf6 5. Bf3 Bf5 6. c4 e6 7. Nc3 Nbd7 8. Nge2 Be7 9. O-O O-O 10. Bf4 Nb6 11. b3 a5 12. a4 Bb4 13. Rc1 h6 14. Qd2 Re8 15. Qe3 Nbd7 16. Rfd1 Ba3 17. Ra1 Bb4 18. h3 Bc2 19. Rdc1 Bxb3 20. Ne4 b5 21. Qxb3 Nxe4 22. Bxe4 bxa4 23. Qxa4 Rc8 24. Qc2 Nf6 25. Bf3 c5 26. Be5 cxd4 27. Nxd4 Nd7 28. Nc6 Qb6 29. Nxb4 Nxe5 30. Nd3 Nxf3+ 31. gxf3 Red8 32. c5 Qc6 33. Qe2 Qb5 34. Ra3 Rd5 35. c6 Rxc6 36. Rxc6 Qxc6 37. Nf4 Qc1+ 38. Kh2 Qxf4+ 39. Kh1 Qc1+ 40. Kh2 Qxa3 41. Qc4 Qd6+ 0-1


[Site "https://www.chess.com"]

[Event "Titled Tuesday Blitz April 26 Early 2022"]
[White "Carrasco Miranda, Andres"]
[Black "Sailer, Mike"]
[WhiteFideId "3405990"]
[BlackFideId "2012901"]
[WhiteElo "2177"]
[BlackElo "2109"]
[Result "1-0"]
[Round "10"]
[TimeControl "180+1"]
[Date "2022.04.26"]
[WhiteClock "0:00:32"]
[BlackClock "0:00:06"]

1. d4 d5 2. c4 Bf5 3. cxd5 Bxb1 4. Qa4+ Qd7 5. Qxd7+ Nxd7 6. Rxb1 Ngf6 7. Nf3 Nb6 8. Bd2 Nbxd5 9. e3 e6 10. a3 Bd6 11. Bd3 Nb6 12. e4 Be7 13. O-O h6 14. h3 O-O-O 15. Be3 Nbd7 16. Rfc1 Kb8 17. Bf1 g5 18. Nd2 Nh5 19. g3 f5 20. Bg2 f4 21. Nc4 fxe3 22. g4 exf2+ 23. Kxf2 Rhf8+ 24. Kg1 Nf4 25. Rc2 Nxg2 26. Kxg2 Rf4 27. Re1 Rdf8 28. b4 Rf3 29. Ne3 Nb6 30. Nf5 R3xf5 31. exf5 Nd5 32. fxe6 Bd6 33. Rf2 Nf4+ 34. Kf1 Re8 35. Re3 c6 36. h4 gxh4 37. Re4 Nd3 38. Rf6 h3 39. Rxh6 h2 40. Ke2 Nf4+ 41. Kf3 Nd5 42. g5 a6 43. g6 Rg8 44. Rg4 Ne7 45. Kg2 Kc7 46. Rh7 Kd8 47. Kh1 Nf5 48. Rxb7 Nxd4 49. Rd7+ Ke8 50. Rxd6 Nxe6 51. Rxe6+ Kd7 52. Rf6 Ke7 53. Rf7+ Ke6 54. Rh7 1-0


[Site "https://www.chess.com"]

[Event "Titled Tuesday Blitz April 26 Early 2022"]
[White "Chernomordik, Pavel"]
[Black "Yang, Kaiqi"]
[WhiteFideId "2804530"]
[BlackFideId "8604398"]
[WhiteElo "2220"]
[BlackElo "2373"]
[Result "0-1"]
[Round "10"]
[TimeControl "180+1"]
[Date "2022.04.26"]
[WhiteClock "0:00:14"]
[BlackClock "0:00:29"]

1. e4 e6 2. Nc3 d5 3. d4 Bb4 4. Ne2 dxe4 5. a3 Be7 6. Nxe4 Nf6 7. Qd3 Nxe4 8. Qxe4 Nd7 9. Bf4 Nf6 10. Qd3 c5 11. O-O-O O-O 12. f3 Qd5 13. Kb1 c4 14. Qe3 b5 15. g4 Qb7 16. Be5 Nd5 17. Qc1 b4 18. axb4 a5 19. c3 axb4 20. Kc2 bxc3 21. Nxc3 Qb3+ 22. Kd2 Bg5+ 23. f4 Nxf4 24. h4 Nd3+ 25. hxg5 Nxc1 26. Rxc1 Bb7 27. Rh3 Qxb2+ 28. Rc2 Qb4 29. Ke3 Ra3 30. Kf2 f6 31. gxf6 gxf6 32. Bf4 Rd8 33. Be3 Rxc3 0-1


[Site "https://www.chess.com"]

[Event "Titled Tuesday Blitz April 26 Early 2022"]
[White "Chigaev, Maksim"]
[Black "Seemann, Jakub"]
[WhiteFideId "4108116"]
[BlackFideId "21874697"]
[WhiteElo "2478"]
[BlackElo "2003"]
[Result "1-0"]
[Round "10"]
[TimeControl "180+1"]
[Date "2022.04.26"]
[WhiteClock "0:00:06"]
[BlackClock "0:00:01"]

1. d4 d5 2. c4 c6 3. Nf3 Nf6 4. Qc2 e6 5. Bf4 Nbd7 6. e3 Be7 7. Nbd2 O-O 8. Bd3 h6 9. h3 b6 10. O-O Bb7 11. Rad1 c5 12. b3 Rc8 13. Rfe1 dxc4 14. bxc4 cxd4 15. exd4 Nd5 16. Bg3 Nb4 17. Bh7+ Kh8 18. Qb1 Nxa2 19. Qxa2 Kxh7 20. Qxa7 Bc6 21. Qa2 Ra8 22. Qb1+ Kg8 23. d5 exd5 24. Nd4 Bb7 25. Nf5 Bc5 26. cxd5 Qf6 27. Nc4 Rfd8 28. Ncd6 Ba6 29. Bh4 g5 30. Bg3 Nf8 31. Ne7+ Kg7 32. Be5 Rxd6 33. Bxf6+ Rxf6 34. Nf5+ Kh8 35. d6 Bc8 36. Qb2 Nd7 37. Re7 Kh7 38. Rd5 Kg6 39. g4 Ra4 40. Qb1 Rf4 41. Ng3+ Kg7 42. Nh5+ Kf8 43. Nxf4 Rxf4 44. Rxc5 bxc5 45. Qh7 Nf6 46. Qxh6+ Kg8 47. Qxg5+ 1-0


[Site "https://www.chess.com"]

[Event "Titled Tuesday Blitz April 26 Early 2022"]
[White "Chuemsakul, Sarocha"]
[Black "Martin Carmona, Gaston Manuel"]
[WhiteFideId "6203710"]
[BlackFideId "22284567"]
[WhiteElo "1703"]
[BlackElo "2146"]
[Result "0-1"]
[Round "10"]
[TimeControl "180+1"]
[Date "2022.04.26"]
[WhiteClock "0:00:06"]
[BlackClock "0:01:24"]

1. d4 Nf6 2. c4 g6 3. Nc3 Bg7 4. e4 d6 5. Nf3 O-O 6. Be2 e5 7. O-O exd4 8. Nxd4 Re8 9. f3 c6 10. Nb3 Qb6+ 11. Kh1 a5 12. c5 dxc5 13. Na4 Qc7 14. Naxc5 b6 15. Nd3 Ba6 16. Bf4 Qc8 17. Rc1 Nbd7 18. Qc2 c5 19. Nd2 Nd5 20. exd5 Rxe2 21. Rfe1 Qe8 22. Bg3 Bh6 23. Rcd1 Qe3 24. Rxe2 Qxe2 25. Nf2 Re8 26. Qc3 Bxd2 27. Qxd2 Qxd2 28. Rxd2 Re1# 0-1


[Site "https://www.chess.com"]

[Event "Titled Tuesday Blitz April 26 Early 2022"]
[White "Clawitter, Craig"]
[Black "D`Arruda, Ricardo D."]
[WhiteFideId "2023105"]
[BlackFideId "100692"]
[WhiteElo "2252"]
[BlackElo "2373"]
[Result "1/2-1/2"]
[Round "10"]
[TimeControl "180+1"]
[Date "2022.04.26"]
[WhiteClock "0:00:07"]
[BlackClock "0:01:55"]

1. e4 c5 2. Nf3 Nc6 3. d4 cxd4 4. Nxd4 e5 5. Nb5 a6 6. Nd6+ Bxd6 7. Qxd6 Qe7 8. Qd1 Nf6 9. Nc3 d6 10. Bg5 Be6 11. Nd5 Bxd5 12. exd5 Nb8 13. Bd3 Nbd7 14. O-O h6 15. Be3 Nxd5 16. Be4 Nxe3 17. fxe3 Nf6 18. Bd5 O-O 19. e4 Rac8 20. c4 Nxd5 21. cxd5 Rc4 22. Qd3 Rfc8 23. Rf2 Qh4 24. Raf1 f6 25. Qb3 b5 26. Qa3 Qxe4 27. Qxd6 a5 28. Rxf6 gxf6 29. Qe6+ Kh7 30. Qe7+ Kh8 31. Qxf6+ Kh7 32. Qf7+ Kh8 33. Qf6+ Kh7 34. Qf7+ Kh8 35. Qf6+ 1/2-1/2


[Site "https://www.chess.com"]

[Event "Titled Tuesday Blitz April 26 Early 2022"]
[White "Csonka, Balazs"]
[Black "Jumabayev, Rinat"]
[WhiteFideId "742910"]
[BlackFideId "13702661"]
[WhiteElo "2404"]
[BlackElo "2561"]
[Result "1/2-1/2"]
[Round "10"]
[TimeControl "180+1"]
[Date "2022.04.26"]
[WhiteClock "0:00:03"]
[BlackClock "0:00:03"]

1. d4 Nf6 2. c4 e6 3. Nc3 Bb4 4. Qc2 O-O 5. Nf3 d6 6. Bd2 c5 7. dxc5 dxc5 8. e3 Nc6 9. Be2 Qe7 10. O-O Rd8 11. a3 Ba5 12. Rfd1 h6 13. Ne4 Nxe4 14. Qxe4 Bxd2 15. Rxd2 Rxd2 16. Nxd2 Bd7 17. Rd1 Rd8 18. Nb1 Be8 19. Rxd8 Qxd8 20. Qd3 Qxd3 21. Bxd3 Ne5 22. Be2 g5 23. f4 gxf4 24. exf4 Nc6 25. Bf3 b6 26. Bxc6 Bxc6 27. Nd2 Kg7 28. Kf2 Kg6 29. g3 Kf5 30. h3 h5 31. Nf3 Ba4 32. Ke3 Bb3 33. Ne5 Kf6 34. g4 Kg7 35. Kd3 Ba4 36. b4 f6 37. Nf3 Bc6 38. Ke3 cxb4 39. axb4 a5 40. Nd4 Bd7 41. c5 bxc5 42. bxc5 a4 43. c6 Bc8 44. Nb5 e5 45. fxe5 fxe5 46. Ke4 Kf6 47. gxh5 Bxh3 48. c7 Bd7 49. Nd6 a3 50. h6 a2 51. h7 Kg7 52. Nf7 Kxh7 53. Nxe5 Kg7 54. Nxd7 a1=Q 55. c8=Q Qe1+ 56. Kd5 Qd2+ 57. Kc6 Qc3+ 58. Kb7 Qf3+ 59. Qc6 Qxc6+ 60. Kxc6 1/2-1/2


[Site "https://www.chess.com"]

[Event "Titled Tuesday Blitz April 26 Early 2022"]
[White "Cunha, Lucas Aguiar"]
[Black "Stelmaszyk, Nico"]
[WhiteFideId "2125404"]
[BlackFideId "16200462"]
[WhiteElo "2361"]
[BlackElo "2119"]
[Result "1-0"]
[Round "10"]
[TimeControl "180+1"]
[Date "2022.04.26"]
[WhiteClock "0:01:37"]
[BlackClock "0:01:34"]

1. e4 e5 2. Nf3 Nf6 3. Nc3 Nc6 4. Bb5 Bb4 5. O-O O-O 6. d3 Bxc3 7. bxc3 d6 8. Bg5 Bg4 9. h3 Bxf3 10. Qxf3 h6 11. Be3 Ne7 12. d4 Ng6 13. Rab1 Rb8 14. Bd3 a6 15. a4 Qe7 16. Rfe1 Rfe8 17. a5 Nd7 18. Bd2 Qf6 19. Qg4 Qe6 20. d5 Qxg4 21. hxg4 Nc5 22. Bf1 Nf8 23. f3 Nfd7 24. Rb4 Re7 25. Reb1 Rf8 26. Be3 g5 27. Rxb7 Nxb7 28. Rxb7 Nc5 29. Bxc5 dxc5 30. Bxa6 Ra8 31. Bb5 Rxa5 32. c4 Ra2 33. d6 cxd6 34. Rxe7 Rxc2 35. Rd7 Rd2 36. Bc6 Kf8 37. Bd5 f6 38. Rxd6 1-0


[Site "https://www.chess.com"]

[Event "Titled Tuesday Blitz April 26 Early 2022"]
[White "Darini, Pouria"]
[Black "Swiercz, Dariusz"]
[WhiteFideId "12502200"]
[BlackFideId "1126881"]
[WhiteElo "2489"]
[BlackElo "2627"]
[Result "1-0"]
[Round "10"]
[TimeControl "180+1"]
[Date "2022.04.26"]
[WhiteClock "0:00:17"]
[BlackClock "0:00:03"]

1. Nf3 d5 2. e3 Nf6 3. b3 Bg4 4. h3 Bh5 5. g4 Bg6 6. Ne5 e6 7. Bb2 Nbd7 8. Nxg6 hxg6 9. Bg2 Bd6 10. d3 Qe7 11. Qe2 c6 12. a3 Be5 13. d4 Bd6 14. c4 g5 15. Nc3 Nf8 16. h4 gxh4 17. g5 N6d7 18. f4 f6 19. gxf6 Nxf6 20. c5 Bc7 21. O-O-O Qf7 22. Bh3 Ng6 23. Rhg1 Ne7 24. Qd3 g6 25. Kb1 Nf5 26. e4 dxe4 27. Nxe4 Nxe4 28. Qxe4 O-O-O 29. b4 Rhe8 30. Rg4 Rd5 31. Rdg1 Rg8 32. Bf1 Bd8 33. Bc4 Bf6 34. Re1 Kd7 35. b5 h3 36. Rh1 Rh8 37. a4 h2 38. Rg2 Rh3 39. Rhxh2 Rxh2 40. Rxh2 Ne7 41. Re2 Qg8 42. a5 a6 43. bxa6 bxa6 44. Bxa6 Qb8 45. Bc4 Rxd4 46. Qxe6+ Kd8 47. Qxf6 Rxc4 48. Qxe7+ Kc8 49. Qe8+ Kb7 50. Re7+ Ka6 51. Qxb8 1-0


[Site "https://www.chess.com"]

[Event "Titled Tuesday Blitz April 26 Early 2022"]
[White "Deac, Bogdan-Daniel"]
[Black "Donchenko, Alexander"]
[WhiteFideId "1226380"]
[BlackFideId "24603295"]
[WhiteElo "2648"]
[BlackElo "2539"]
[Result "1-0"]
[Round "10"]
[TimeControl "180+1"]
[Date "2022.04.26"]
[WhiteClock "0:01:03"]
[BlackClock "0:01:51"]

1. e4 c6 2. Nf3 d5 3. d3 g6 4. e5 Bg7 5. d4 Nh6 6. Bd3 O-O 7. O-O f6 8. exf6 exf6 9. c4 Be6 10. cxd5 Bxd5 11. Nc3 Bf7 12. h3 Nd7 13. Be3 Kh8 14. Qd2 Ng8 15. Rfe1 Nb6 16. Bf4 Nc4 17. Qc2 Re8 18. Ne4 Nb6 19. Nd6 Re7 20. Nxf7+ Rxf7 21. Re6 Nd5 22. Bd2 Re7 23. Rae1 Rxe6 24. Rxe6 Qd7 25. Re4 Re8 26. Rh4 f5 27. Ne5 Nge7 28. Nxd7 1-0


[Site "https://www.chess.com"]

[Event "Titled Tuesday Blitz April 26 Early 2022"]
[White "Demchenko, Anton"]
[Black "Hasangatin, Ramil"]
[WhiteFideId "4160258"]
[BlackFideId "4122160"]
[WhiteElo "2539"]
[BlackElo "2375"]
[Result "1/2-1/2"]
[Round "10"]
[TimeControl "180+1"]
[Date "2022.04.26"]
[WhiteClock "0:00:13"]
[BlackClock "0:00:13"]

1. e4 d5 2. exd5 Qxd5 3. Nc3 Qd6 4. Nf3 Nf6 5. g3 c6 6. Bg2 Bg4 7. h3 Bxf3 8. Qxf3 e6 9. O-O Be7 10. d3 O-O 11. Ne4 Nxe4 12. dxe4 Qb4 13. c3 Qb6 14. Qe2 a5 15. e5 Na6 16. Kh2 Rfd8 17. Be3 Bc5 18. Bg5 Rd7 19. Rad1 Rxd1 20. Rxd1 h6 21. Bf4 Rd8 22. Rxd8+ Qxd8 23. g4 Nc7 24. Bg3 Nd5 25. a3 Qb6 26. b4 axb4 27. axb4 Be7 28. Qd3 Qa6 29. Qd4 Qa1 30. Bxd5 cxd5 31. b5 Bf8 32. h4 b6 33. Qxb6 Qxc3 34. Qc6 Qb2 35. b6 d4 36. Kg2 d3 37. Bf4 d2 38. Bxd2 Qxd2 39. b7 Qb4 40. Kg3 Kh7 41. Qc8 Qb3+ 42. Kg2 Qb4 43. Kh3 Qb3+ 44. Kh2 Qb4 45. b8=Q Qf4+ 46. Kh1 Qf3+ 47. Kg1 Qxg4+ 48. Kh2 Qf4+ 49. Kg2 Qg4+ 50. Kh1 Qf3+ 51. Kg1 Qg4+ 52. Kf1 Qd1+ 53. Kg2 Qg4+ 54. Kh2 Qxh4+ 55. Kg2 Qg4+ 56. Kh1 Qh3+ 57. Kg1 Qg4+ 58. Kf1 Qd1+ 59. Kg2 Qg4+ 60. Kh2 Qh4+ 61. Kg1 Qg4+ 62. Kh1 Qh3+ 63. Kg1 Qg4+ 1/2-1/2


[Site "https://www.chess.com"]

[Event "Titled Tuesday Blitz April 26 Early 2022"]
[White "Demin, Vladimir"]
[Black "Ambartsumova, Karina"]
[WhiteFideId "4167457"]
[BlackFideId "4166299"]
[WhiteElo "2421"]
[BlackElo "2262"]
[Result "0-1"]
[Round "10"]
[TimeControl "180+1"]
[Date "2022.04.26"]
[WhiteClock "0:00:02"]
[BlackClock "0:00:05"]

1. e4 e5 2. Nf3 Nc6 3. Bb5 a6 4. Bxc6 dxc6 5. O-O Bd6 6. d4 Bg4 7. c3 Nf6 8. dxe5 Bxf3 9. Qxf3 Bxe5 10. Rd1 Qe7 11. Na3 O-O 12. Nc4 Qe6 13. Ne3 Nxe4 14. Nf5 Nd6 15. Ng3 Rfe8 16. Bf4 Bxf4 17. Qxf4 h6 18. h4 Rad8 19. Re1 Qxe1+ 20. Rxe1 Rxe1+ 21. Kh2 Rde8 22. Qg4 R1e6 23. Nh5 Rg6 24. Qd7 Re4 25. g3 Re2 26. Kg2 Rxb2 27. a4 Kh7 28. Qxc7 Ne4 29. Kf3 Re6 30. Nf4 Rxf2+ 31. Kg4 Nf6+ 32. Kh3 Re1 33. g4 Rf3+ 34. Kg2 Rxc3 35. Qxf7 Rc2+ 36. Kg3 Ne4+ 37. Kf3 Rf2# 0-1


[Site "https://www.chess.com"]

[Event "Titled Tuesday Blitz April 26 Early 2022"]
[White "Djokic, Mihailo"]
[Black "Costachi, Mihnea"]
[WhiteFideId "976440"]
[BlackFideId "1217518"]
[WhiteElo "2202"]
[BlackElo "2476"]
[Result "1-0"]
[Round "10"]
[TimeControl "180+1"]
[Date "2022.04.26"]
[WhiteClock "0:00:33"]
[BlackClock "0:00:51"]

1. e4 e5 2. Nf3 Nf6 3. Nc3 Nc6 4. Bb5 Nd4 5. Ba4 Bc5 6. Nxe5 O-O 7. Nd3 Bb6 8. e5 Ne8 9. O-O d6 10. exd6 Nxd6 11. Nd5 Bf5 12. N3f4 c6 13. Ne3 Bd7 14. c3 N4f5 15. d4 Re8 16. Bc2 Qf6 17. Ng4 Qd8 18. Ne5 f6 19. Nxd7 Qxd7 20. Qg4 Kh8 21. Qh3 Bc7 22. Ng6+ Kg8 23. Bb3+ Nf7 24. Nh4 g6 25. Nxf5 Qxf5 26. Bxf7+ Kxf7 27. Qxh7+ Ke6 28. Qxc7 Kd5 29. Qxb7 Re2 30. Be3 Rh8 31. c4+ Kd6 32. c5+ Ke6 33. Qxc6+ Kf7 34. Qb7+ Kg8 35. h3 g5 36. Rfe1 Rxe1+ 37. Rxe1 Rh7 38. Qb8+ Kg7 39. Qxa7+ Kg6 40. Qa3 g4 41. hxg4 Qxg4 42. Qd3+ f5 43. Bd2 Qh4 44. Kf1 Qh1+ 45. Ke2 Qxg2 46. Qg3+ Qxg3 47. fxg3 Rd7 48. Kd3 Kh5 49. Bf4 Re7 50. Rxe7 1-0


[Site "https://www.chess.com"]

[Event "Titled Tuesday Blitz April 26 Early 2022"]
[White "Drygalov, Sergey"]
[Black "Harshavardhan G B"]
[WhiteFideId "24171743"]
[BlackFideId "25059009"]
[WhiteElo "2514"]
[BlackElo "1831"]
[Result "1/2-1/2"]
[Round "10"]
[TimeControl "180+1"]
[Date "2022.04.26"]
[WhiteClock "0:00:07"]
[BlackClock "0:00:03"]

1. d4 Nf6 2. c4 e6 3. Nf3 c5 4. d5 exd5 5. cxd5 d6 6. Nc3 g6 7. e4 Bg4 8. Qb3 Bxf3 9. Qxb7 Nbd7 10. gxf3 Bg7 11. Qa6 O-O 12. Be2 Nh5 13. f4 Qh4 14. Qxd6 Ndf6 15. e5 Ng4 16. Qxc5 Rfc8 17. Qd4 Nxe5 18. Qe3 Nc4 19. Qf3 Rab8 20. O-O Nxb2 21. Ne4 Nc4 22. Bxc4 Rxc4 23. Be3 Bxa1 24. Rxa1 Qe7 25. Nd2 Rc2 26. Nb3 Nf6 27. Nd4 Rcb2 28. Nc6 Rb1+ 29. Kg2 Qe4 30. Rxb1 Rxb1 31. Qxe4 Nxe4 32. Bxa7 Ra1 33. Kf3 Nd6 34. Bc5 Nb5 35. a4 Rxa4 36. d6 Nxd6 37. Bxd6 f5 38. Be5 Kf7 39. Nd4 h6 40. h4 Ra3+ 41. Kg2 Rd3 42. Nf3 Ke6 43. Bg7 h5 44. Bd4 Kd5 45. Be3 Ra3 46. Ne5 Ra6 47. Kf3 Re6 48. Nd3 Kc4 49. Ne5+ Kd5 50. Nf7 Ra6 51. Kg3 Ke4 52. Ng5+ Kd5 53. Kf3 Kc4 54. Nf7 Kd5 55. Kg3 Ke4 56. Ne5 Kd5 57. Kf3 Re6 1/2-1/2


[Site "https://www.chess.com"]

[Event "Titled Tuesday Blitz April 26 Early 2022"]
[White "Elgersma, Onno"]
[Black "Allahverdiyeva, Ayan"]
[WhiteFideId "1053531"]
[BlackFideId "13412590"]
[WhiteElo "2304"]
[BlackElo "1910"]
[Result "1-0"]
[Round "10"]
[TimeControl "180+1"]
[Date "2022.04.26"]
[WhiteClock "0:01:43"]
[BlackClock "0:00:01"]

1. e4 c5 2. Nf3 d6 3. Bb5+ Bd7 4. a4 g6 5. O-O Bg7 6. Nc3 Nf6 7. Re1 O-O 8. e5 dxe5 9. Nxe5 Bf5 10. d3 Nbd7 11. Bf4 Nxe5 12. Bxe5 Bg4 13. Qd2 Rc8 14. Qf4 Be6 15. Qf3 a6 16. Bc4 Bxc4 17. dxc4 Qb6 18. b3 Rfd8 19. Rad1 Qe6 20. Nd5 Nxd5 21. Bxg7 Nf4 22. Rxd8+ Rxd8 23. Rxe6 Nxe6 24. Bc3 b6 25. h3 a5 26. Qe3 1-0


[Site "https://www.chess.com"]

[Event "Titled Tuesday Blitz April 26 Early 2022"]
[White "Esipenko, Andrey"]
[Black "Dubov, Daniil"]
[WhiteFideId "24175439"]
[BlackFideId "24126055"]
[WhiteElo "2617"]
[BlackElo "2791"]
[Result "1/2-1/2"]
[Round "10"]
[TimeControl "180+1"]
[Date "2022.04.26"]
[WhiteClock "0:00:20"]
[BlackClock "0:00:17"]

1. e4 e5 2. Nf3 Nc6 3. Bb5 a6 4. Ba4 Nf6 5. d3 b5 6. Bb3 Bc5 7. c3 d6 8. Bg5 h6 9. Bh4 Bb6 10. a4 Rb8 11. axb5 axb5 12. Na3 O-O 13. Nxb5 g5 14. Bg3 Nh5 15. Na3 Qf6 16. O-O Bg4 17. Bc2 Ne7 18. Nc4 Ng6 19. b4 Ra8 20. Rxa8 Rxa8 21. Ne3 Bxf3 22. Qxf3 Qxf3 23. gxf3 Ngf4 24. d4 exd4 25. cxd4 Ne2+ 26. Kh1 Nxd4 27. Bd1 Ra1 28. Kg2 Ne6 29. Nd5 Nhf4+ 30. Bxf4 Nxf4+ 31. Nxf4 gxf4 32. Bb3 Rxf1 33. Kxf1 1/2-1/2


[Site "https://www.chess.com"]

[Event "Titled Tuesday Blitz April 26 Early 2022"]
[White "Estrada Nieto, Julian"]
[Black "Mangialardo, Tiago Carvalho"]
[WhiteFideId "5101018"]
[BlackFideId "2130718"]
[WhiteElo "2252"]
[BlackElo "2088"]
[Result "1-0"]
[Round "10"]
[TimeControl "180+1"]
[Date "2022.04.26"]
[WhiteClock "0:01:13"]
[BlackClock "0:00:02"]

1. d4 Nf6 2. Nf3 c5 3. d5 g6 4. Nc3 Bg7 5. e4 d6 6. Bb5+ Nbd7 7. a4 a6 8. Be2 O-O 9. O-O Rb8 10. Nd2 e6 11. Nc4 exd5 12. exd5 b5 13. axb5 axb5 14. Na5 b4 15. Nc6 Qb6 16. Nxb8 bxc3 17. Nxd7 Bxd7 18. bxc3 Ne4 19. Bd2 Nxc3 20. Bxc3 Bxc3 21. Rb1 Qd8 22. Bb5 Bf5 23. Bd3 Bd7 24. Rb3 Be5 25. Re1 Qc8 26. Bb5 Bg4 27. Qd2 c4 28. Ra3 Qc5 29. Ra5 c3 30. Qg5 Qb4 31. Ra4 Qxb5 32. Rxg4 1-0


[Site "https://www.chess.com"]